[Event "Titled Tuesday Blitz June 20 Early 2023"]
[White "Gadimbayli, Abdulla"]
[Black "Akhmedinov, Satbek"]
[WhiteFideId "13404938"]
[BlackFideId "13714287"]
[WhiteElo "2386"]
[BlackElo "1998"]
[Result "1-0"]
[Round "3"]
[TimeControl "180+2"]
[Date "2023.06.20"]
[WhiteClock "0:00:29"]
[BlackClock "0:00:30"]
[Board "43"]

1. e4 c5 2. Nf3 Nc6 3. Bb5 e5 4. Bxc6 dxc6 5. d3 Bd6 6. Be3 Ne7 7. Nc3 O-O 8. Qd2 f5 9. exf5 Bxf5 10. O-O-O Nd5 11. Ne4 b6 12. Bg5 Qc7 13. Rde1 Rae8 14. Rhg1 h6 15. Bh4 Nf4 16. Bg3 Bxe4 17. Rxe4 Nxg2 18. Qe2 Qf7 19. Nxe5 Qxa2 20. Rxg2 Qa1+ 21. Kd2 Qxb2 22. Nc4 Qb4+ 23. c3 Qa4 24. Bxd6 Qa2+ 25. Ke3 Rxe4+ 26. dxe4 Qxe2+ 27. Kxe2 Rd8 28. e5 Kf7 29. f4 b5 30. Na5 g6 31. Bxc5 Rd5 32. Bd6 c5 33. Ke3 b4 34. c4 Rd1 35. Bxc5 Rb1 36. Bd4 b3 37. Rb2 Re1+ 38. Kd3 Rd1+ 39. Ke4 Ke6 40. Rxb3 Re1+ 41. Be3 Ra1 42. Nc6 Ra4 43. Nd4+ 1-0


[Site "https://www.chess.com"]

[Event "Titled Tuesday Blitz June 20 Early 2023"]
[White "Beerdsen, Thomas"]
[Black "Girya, Olga"]
[WhiteFideId "1030108"]
[BlackFideId "4195752"]
[WhiteElo "2553"]
[BlackElo "2263"]
[Result "1-0"]
[Round "3"]
[TimeControl "180+2"]
[Date "2023.06.20"]
[WhiteClock "0:01:00"]
[BlackClock "0:00:01"]
[Board "44"]

1. e4 e5 2. Bc4 Nf6 3. d3 Bc5 4. Nc3 c6 5. Nf3 d6 6. a4 a5 7. h3 Nbd7 8. Ba2 Nf8 9. d4 exd4 10. Nxd4 Ng6 11. O-O O-O 12. Bg5 h6 13. Be3 Re8 14. Qf3 Qb6 15. Rad1 Qxb2 16. Bc1 Qb6 17. Nb3 Be6 18. Bxh6 Ne5 19. Qg3 Ng6 20. Bc1 Bb4 21. Bb2 Nh5 22. Qg5 Nhf4 23. Kh2 Qd8 24. Qg3 Qh4 25. Bb1 Qxg3+ 26. fxg3 Nh5 27. Na2 Nf6 28. Bxf6 gxf6 29. Rxf6 Ba3 30. Nd4 Bc4 31. Nf5 Rxe4 32. Nxd6 Bxd6 33. Rfxd6 Re2 34. Nc3 Rf2 35. R1d4 Be6 36. Ne4 Bd5 37. Nxf2 1-0


[Site "https://www.chess.com"]

[Event "Titled Tuesday Blitz June 20 Early 2023"]
[White "Mikhailovsky, Vladimir"]
[Black "Garv Gaur"]
[WhiteFideId "34105414"]
[BlackFideId "45030839"]
[WhiteElo "2244"]
[BlackElo "2068"]
[Result "1-0"]
[Round "3"]
[TimeControl "180+2"]
[Date "2023.06.20"]
[WhiteClock "0:00:10"]
[BlackClock "0:00:05"]
[Board "45"]

1. e4 g6 2. d4 c6 3. Nf3 d5 4. e5 Bg7 5. Bd3 Bg4 6. Nbd2 c5 7. c3 Nc6 8. h3 Bxf3 9. Nxf3 e6 10. O-O Nge7 11. Bf4 Nf5 12. Bxf5 gxf5 13. dxc5 Qc7 14. Re1 Rg8 15. b4 O-O-O 16. Nd4 Bxe5 17. Rxe5 Nxe5 18. Qe2 f6 19. Nxe6 Qe7 20. Nxd8 Rxd8 21. Rd1 Qg7 22. f3 Kb8 23. Re1 Re8 24. Qb5 Re7 25. c6 a6 26. Qxd5 bxc6 27. Qxc6 Rc7 28. Qb6+ Rb7 29. Qd6+ Rc7 30. Rxe5 fxe5 31. Bxe5 Qd7 32. Qxd7 1-0


[Site "https://www.chess.com"]

[Event "Titled Tuesday Blitz June 20 Early 2023"]
[White "Goltsev, Dmitry"]
[Black "Shevtchenko, Olesya"]
[WhiteFideId "24176710"]
[BlackFideId "24131890"]
[WhiteElo "2356"]
[BlackElo "2003"]
[Result "0-1"]
[Round "3"]
[TimeControl "180+2"]
[Date "2023.06.20"]
[WhiteClock "0:00:05"]
[BlackClock "0:00:06"]
[Board "46"]

1. e4 c5 2. Nf3 d6 3. d4 cxd4 4. Nxd4 Nf6 5. Nc3 a6 6. Be2 e5 7. Nb3 Be7 8. Be3 Be6 9. Nd5 Nbd7 10. f3 Rc8 11. c4 O-O 12. O-O Nc5 13. Nxc5 dxc5 14. Qb3 Bxd5 15. cxd5 b5 16. Kh1 Bd6 17. a4 c4 18. Qc2 Nd7 19. axb5 axb5 20. Ra6 Bc5 21. Bd2 Qc7 22. Rfa1 Qb7 23. Qb1 h5 24. Qa2 h4 25. Bg5 h3 26. gxh3 f5 27. Qb1 Rf7 28. Qc2 Bb6 29. exf5 Nc5 30. R6a3 Nb3 31. Rxb3 cxb3 32. Qxb3 Bc5 33. Bd3 Bd6 34. Be4 Qb6 35. Rg1 Kf8 36. f6 gxf6 37. Be3 Bc5 38. Rc1 Rfc7 39. Bh6+ Ke7 40. Bf5 Rd8 41. Rd1 Bd4 42. d6+ Qxd6 43. Bg6 Qd5 44. Qa3+ Rc5 45. Qa7+ Rd7 46. Qa3 b4 47. Qxb4 Qxf3# 0-1


[Site "https://www.chess.com"]

[Event "Titled Tuesday Blitz June 20 Early 2023"]
[White "Maksimovic, Bojan"]
[Black "Roebers, Eline"]
[WhiteFideId "14408120"]
[BlackFideId "1058401"]
[WhiteElo "2457"]
[BlackElo "2557"]
[Result "1-0"]
[Round "3"]
[TimeControl "180+2"]
[Date "2023.06.20"]
[WhiteClock "0:00:05"]
[BlackClock "0:00:00"]
[Board "47"]

1. e4 c5 2. Nf3 e6 3. d4 cxd4 4. Nxd4 Nf6 5. Nc3 Nc6 6. Ndb5 Bc5 7. Bf4 O-O 8. Bc7 Qe7 9. Bd6 Bxd6 10. Qxd6 Qd8 11. O-O-O a6 12. Nd4 Ne7 13. h4 b5 14. h5 h6 15. f3 Bb7 16. a3 Rc8 17. g4 Ne8 18. Qg3 Nc6 19. Nb3 b4 20. axb4 Nxb4 21. Be2 a5 22. Rd4 Qb6 23. Rhd1 a4 24. Nxa4 Qc6 25. Nac5 Na6 26. Bxa6 Bxa6 27. c3 d6 28. Rxd6 Nxd6 29. Rxd6 Qc7 30. Nxa6 Qc4 31. Nd2 Qa2 32. Nb4 Qa1+ 33. Nb1 Qa4 34. Nc2 Rb8 35. Qf2 Rfc8 36. Qd2 Qb5 37. b4 Qf1+ 38. Qd1 Qc4 39. Kb2 Ra8 40. Nca3 Qc7 41. Rd7 Qe5 42. Qd4 Qf4 43. Qd3 Rab8 44. b5 Qe5 45. Kb3 Qc5 46. c4 Ra8 47. Qd4 Qg5 48. Qd2 Qc5 49. Qd4 Qg5 50. Kb4 Qc1 51. Qd2 Qf1 52. Qd1 Qf2 53. Kb3 Qe3+ 54. Rd3 Qc5 55. Qd2 Rab8 56. Qb2 Ra8 57. Qd4 Qg5 58. Nc3 Qc1 59. Nc2 1-0


[Site "https://www.chess.com"]

[Event "Titled Tuesday Blitz June 20 Early 2023"]
[White "Lagarde, Maxime"]
[Black "Leenhouts, Koen"]
[WhiteFideId "662399"]
[BlackFideId "1008439"]
[WhiteElo "2571"]
[BlackElo "2409"]
[Result "1/2-1/2"]
[Round "3"]
[TimeControl "180+2"]
[Date "2023.06.20"]
[WhiteClock "0:00:19"]
[BlackClock "0:00:08"]
[Board "48"]

1. d4 d5 2. Nf3 Nf6 3. g3 c6 4. Bg2 e6 5. O-O Nbd7 6. Nbd2 Bd6 7. Re1 O-O 8. e4 dxe4 9. Nxe4 Nxe4 10. Rxe4 b6 11. c3 Bb7 12. Qc2 c5 13. Rh4 g6 14. Bh6 Re8 15. Re1 Rc8 16. Ng5 Bxg2 17. Kxg2 Be7 18. Qd2 Nf6 19. Nf3 Nd5 20. Rh3 cxd4 21. Nxd4 Bf6 22. Nf3 Qc7 23. Bg5 Bg7 24. Bh6 Bf6 25. Qe2 Qc6 26. Qe4 Red8 27. Bg5 Bxg5 28. Nxg5 Nf6 29. Qf3 Rd2 30. Ne4 Nxe4 31. Rxe4 f5 32. Rb4 Qxf3+ 33. Kxf3 Rcd8 34. Rhh4 e5 35. Rhc4 e4+ 36. Ke3 R8d3+ 37. Kf4 Rxf2+ 38. Kg5 Rd7 39. Rd4 Rxd4 40. Rxd4 Kf7 41. Rd7+ Ke6 42. Rxh7 Rxb2 43. Rh8 Rxa2 44. Kxg6 Kd5 45. Kxf5 Rf2+ 46. Kg4 e3 47. Re8 Rxh2 48. Rxe3 a5 49. Re8 Kc4 50. Rc8+ Kb3 51. Kf5 Rf2+ 52. Ke4 a4 53. c4 a3 54. c5 bxc5 55. Rxc5 a2 56. Ra5 Re2+ 57. Kf5 Re8 58. g4 Rf8+ 59. Ke5 Kb2 60. g5 a1=Q 61. Rxa1 Kxa1 62. g6 Kb2 63. g7 Rg8 64. Kf6 Kc3 65. Kf7 Rxg7+ 66. Kxg7 1/2-1/2


[Site "https://www.chess.com"]

[Event "Titled Tuesday Blitz June 20 Early 2023"]
[White "Ljukin, Sergei"]
[Black "Zemlyanskii, Ivan"]
[WhiteFideId "14102200"]
[BlackFideId "24249971"]
[WhiteElo "2312"]
[BlackElo "2421"]
[Result "1-0"]
[Round "3"]
[TimeControl "180+2"]
[Date "2023.06.20"]
[WhiteClock "0:00:47"]
[BlackClock "0:00:00"]
[Board "49"]

1. e4 c5 2. Nf3 e6 3. d4 cxd4 4. Nxd4 Nf6 5. Nc3 Nc6 6. Nxc6 bxc6 7. e5 Nd5 8. Ne4 Qc7 9. f4 Qb6 10. c4 Bb4+ 11. Ke2 f5 12. exf6 Nxf6 13. Be3 Qd8 14. Nd6+ Bxd6 15. Qxd6 Bb7 16. g4 c5 17. Rg1 Ne4 18. Qe5 Qe7 19. f5 d6 20. Qxe6 Qxe6 21. fxe6 O-O-O 22. Bg2 Rde8 23. g5 Kc7 24. Bh3 Bc8 25. Bf5 Rxe6 26. Bxe6 Bxe6 27. b3 Bf5 28. Raf1 Bg6 29. Kf3 Re8 30. Kg2 Nc3 31. Re1 Rf8 32. Rgf1 Re8 33. Bf4 Ne4 34. Re3 Rd8 35. Rfe1 Nd2 36. Re7+ Kc6 37. Bxd2 d5 38. R1e6+ Rd6 39. cxd5+ Kxd5 40. Rxd6+ Kxd6 41. Rxa7 1-0


[Site "https://www.chess.com"]

[Event "Titled Tuesday Blitz June 20 Early 2023"]
[White "Lobanov, Sergei"]
[Black "Tsukerman, Julia"]
[WhiteFideId "24183750"]
[BlackFideId "2621649"]
[WhiteElo "2501"]
[BlackElo "1667"]
[Result "1/2-1/2"]
[Round "3"]
[TimeControl "180+2"]
[Date "2023.06.20"]
[WhiteClock "0:00:03"]
[BlackClock "0:00:03"]
[Board "50"]

1. d4 d5 2. c4 e6 3. Nc3 Nf6 4. cxd5 exd5 5. Bg5 Be7 6. e3 c6 7. Bd3 Nbd7 8. Nf3 Nh5 9. Bxe7 Qxe7 10. Qc2 g6 11. O-O-O Nb6 12. h3 Be6 13. g4 Ng7 14. Kb1 O-O-O 15. Nd2 f5 16. Rhg1 fxg4 17. hxg4 Rhf8 18. f4 Kb8 19. Nf3 Rde8 20. Ne5 Nd7 21. Ka1 Rc8 22. Na4 Ne8 23. Rc1 Nef6 24. Qh2 Nxe5 25. dxe5 Nxg4 26. Qd2 g5 27. f5 Nxe5 28. fxe6 Nf3 29. Qc3 Nxg1 30. Rxg1 Qxe6 31. Bxh7 Rf3 32. Nc5 Qxe3 33. Qxe3 Rxe3 34. a3 b6 35. Nd7+ Kc7 36. Nf6 Re5 37. Ng4 Re2 38. Nf6 Re6 39. Ng4 Re2 40. Bd3 Re7 41. Nf2 Rf8 42. Nd1 Rg8 43. Kb1 g4 44. Rg3 Rf7 45. Kc2 Rf4 46. Kd2 Rf3 47. Rg2 g3 48. Be2 Rf4 49. Ne3 Rd4+ 50. Bd3 c5 51. Nf5 Rf4 52. Rxg3 Rxg3 53. Nxg3 c4 54. Be2 Kc6 55. Nh5 Rf8 56. Ng7 a5 57. Ne6 Re8 58. Bg4 b5 59. Nd4+ Kc5 60. Ne6+ Kd6 61. Nd4 Kc5 62. Ne6+ Kd6 63. Nd4 Kc5 1/2-1/2


[Site "https://www.chess.com"]

[Event "Titled Tuesday Blitz June 20 Early 2023"]
[White "Oparin, Grigoriy"]
[Black "Kev4444444444"]
[WhiteFideId "24125890"]
[WhiteElo "2647"]
[BlackElo "2193"]
[Result "1-0"]
[Round "3"]
[TimeControl "180+2"]
[Date "2023.06.20"]
[WhiteClock "0:00:09"]
[BlackClock "0:00:06"]
[Board "51"]

1. e4 c5 2. Nf3 d6 3. Bc4 Nf6 4. O-O g6 5. Re1 Nc6 6. c3 Bg7 7. h3 O-O 8. Bf1 e5 9. a4 a6 10. Na3 Rb8 11. d4 cxd4 12. cxd4 exd4 13. Nxd4 Re8 14. Nxc6 bxc6 15. Qc2 Qc7 16. Bf4 Nh5 17. Bc1 Rb4 18. Rb1 d5 19. Bd2 Rbxe4 20. Rxe4 Rxe4 21. Rc1 Re6 22. b4 Qb7 23. Bc3 Nf6 24. Qb2 Ne8 25. Bxg7 Nxg7 26. Qc3 Bd7 27. Nc2 Nf5 28. g4 Nh4 29. Nd4 Re4 30. Rd1 h5 31. f3 Rf4 32. Bg2 Qb8 33. Qe3 Qd6 34. Rd2 hxg4 35. fxg4 Nxg2 36. Kxg2 Re4 37. Qc3 Qe5 38. Qb2 Re3 39. Nf3 Qf4 40. Rf2 Be6 41. Qd4 Re4 42. Qb6 Rxb4 43. Qxa6 Rxa4 44. Qxc6 d4 45. Qxa4 Bd5 46. Qd1 g5 47. Kf1 Qg3 48. Qxd4 Bxf3 49. Qd8+ Kg7 50. Qxg5+ Kf8 51. Qc5+ Kg8 52. Qc8+ Kg7 53. Qc3+ Kg8 54. Qxf3 1-0


[Site "https://www.chess.com"]

[Event "Titled Tuesday Blitz June 20 Early 2023"]
[White "Andreikin, Dmitry"]
[Black "Janaszak, Dawid"]
[WhiteFideId "4158814"]
[BlackFideId "1119206"]
[WhiteElo "2736"]
[BlackElo "2220"]
[Result "1-0"]
[Round "3"]
[TimeControl "180+2"]
[Date "2023.06.20"]
[WhiteClock "0:00:38"]
[BlackClock "0:00:00"]
[Board "52"]

1. e4 c5 2. Nc3 e6 3. Nf3 Nc6 4. d4 cxd4 5. Nxd4 Qc7 6. g4 a6 7. g5 Bb4 8. Nxc6 bxc6 9. Qd4 Bf8 10. Be3 d5 11. exd5 cxd5 12. O-O-O Ne7 13. Bf4 Qa7 14. Qd2 Ng6 15. Be3 Bc5 16. h4 Bxe3 17. fxe3 Rb8 18. h5 Ne5 19. Kb1 Qc5 20. Na4 Qb4 21. Qh2 Nc6 22. b3 e5 23. Rxd5 Be6 24. Rxe5 Nxe5 25. Qxe5 Rd8 26. Bxa6 Rd5 27. Qxg7 Rf8 28. Bc4 Rd6 29. Nb2 Bxc4 30. Nxc4 Re6 31. Qxh7 Qb7 32. Rd1 Qf3 33. Qd3 1-0


[Site "https://www.chess.com"]

[Event "Titled Tuesday Blitz June 20 Early 2023"]
[White "Hakobyan, Aram"]
[Black "Degenbaev, Aziz"]
[WhiteFideId "13306677"]
[BlackFideId "13802640"]
[WhiteElo "2584"]
[BlackElo "2152"]
[Result "1-0"]
[Round "3"]
[TimeControl "180+2"]
[Date "2023.06.20"]
[WhiteClock "0:00:32"]
[BlackClock "0:00:02"]
[Board "53"]

1. d4 Nf6 2. c4 g6 3. Nc3 Bg7 4. e4 d6 5. Be2 O-O 6. Nf3 e5 7. O-O Bg4 8. d5 a5 9. Ne1 Bd7 10. Nd3 Na6 11. Be3 b6 12. Rc1 Nc5 13. Nxc5 bxc5 14. f3 h5 15. Qd2 h4 16. Bg5 h3 17. g4 Qb8 18. Rf2 Nh7 19. Be3 a4 20. Bf1 Qb4 21. Qe2 Rfb8 22. Bxh3 g5 23. Bf1 Bf6 24. Qd1 Nf8 25. Qd2 Nh7 26. Bd3 Kf8 27. a3 Qb3 28. Nb5 Ke7 29. Rc3 Qa2 30. Rf1 Nf8 31. Bxg5 Ng6 32. Bb1 Qa1 33. Bxf6+ Kxf6 34. Bd3 Qa2 35. f4 Nxf4 36. Rxf4+ exf4 37. Qxf4+ Ke7 38. Qg5+ Kf8 39. Qh6+ Ke7 40. Qh4+ Kf8 41. Rc2 Bxb5 42. cxb5 c4 43. Qh6+ Kg8 44. Rxc4 Qxb2 45. e5 Qxe5 46. Bh7+ Kh8 47. Bg6+ Kg8 48. Qh7+ Kf8 49. Qxf7# 1-0


[Site "https://www.chess.com"]

[Event "Titled Tuesday Blitz June 20 Early 2023"]
[White "Grandelius, Nils"]
[Black "Aldokhin, Ivan"]
[WhiteFideId "1710400"]
[BlackFideId "24115720"]
[WhiteElo "2573"]
[BlackElo "2322"]
[Result "1-0"]
[Round "3"]
[TimeControl "180+2"]
[Date "2023.06.20"]
[WhiteClock "0:00:10"]
[BlackClock "0:00:00"]
[Board "54"]

1. d4 Nf6 2. c4 g6 3. Nc3 Bg7 4. Nf3 O-O 5. Bg5 d6 6. e3 b6 7. Be2 Bb7 8. O-O Nbd7 9. h3 Ne4 10. Nxe4 Bxe4 11. Bd3 Bxf3 12. Qxf3 c5 13. Rad1 Rc8 14. Be2 Bf6 15. Bh6 Bg7 16. Bg5 Bf6 17. Bf4 Qc7 18. b3 a5 19. a4 cxd4 20. exd4 e5 21. dxe5 dxe5 22. Be3 Bg7 23. Rd5 e4 24. Qf4 Qxf4 25. Bxf4 Nc5 26. Rb1 Rfd8 27. Kf1 Ne6 28. Be3 Bd4 29. Bh6 Bc5 30. Rbd1 Nd4 31. Rxd8+ Rxd8 32. g4 f5 33. gxf5 gxf5 34. Bh5 Rd6 35. Bf4 Rd7 36. Be3 Kg7 37. f3 Kf6 38. fxe4 fxe4 39. Bg4 Rd6 40. Kg2 Ke5 41. Rf1 Rf6 42. Rd1 1-0


[Site "https://www.chess.com"]

[Event "Titled Tuesday Blitz June 20 Early 2023"]
[White "Krstulovic, Alex"]
[Black "Pichot, Alan"]
[WhiteFideId "760056"]
[BlackFideId "110973"]
[WhiteElo "2311"]
[BlackElo "2573"]
[Result "1-0"]
[Round "3"]
[TimeControl "180+2"]
[Date "2023.06.20"]
[WhiteClock "0:00:33"]
[BlackClock "0:00:06"]
[Board "55"]

1. d4 Nf6 2. Nf3 e6 3. Bf4 c5 4. e3 b6 5. Nc3 a6 6. d5 b5 7. dxe6 dxe6 8. Qxd8+ Kxd8 9. a4 b4 10. Nb1 Bb7 11. Nbd2 Nd5 12. Bg3 Nc6 13. Nc4 Ke8 14. e4 Nf6 15. Nb6 Rd8 16. Bc7 Nxe4 17. Bxd8 Kxd8 18. Bd3 Nf6 19. O-O-O Kc7 20. Nc4 Be7 21. Nfe5 Nxe5 22. Nxe5 Rf8 23. f3 Bd6 24. Rhe1 g5 25. g3 h5 26. f4 gxf4 27. gxf4 Ng4 28. Nxg4 hxg4 29. f5 Bf4+ 30. Kb1 e5 31. Be4 Bxe4 32. Rxe4 Rh8 33. Rg1 Rxh2 34. Rxg4 Kc6 35. Rg7 Kd5 36. Re1 f6 37. Rd7+ Kc6 38. Rf7 Bg5 39. Rd1 e4 40. Re7 e3 41. Rd8 Rd2 42. Ra8 Kb6 43. Re6+ Kb7 44. Rf8 e2 45. Rf7+ Kc8 46. Re8+ Rd8 47. Rxe2 c4 48. Re4 1-0


[Site "https://www.chess.com"]

[Event "Titled Tuesday Blitz June 20 Early 2023"]
[White "Xu, Yi"]
[Black "MKlose11"]
[WhiteFideId "8605564"]
[WhiteElo "2460"]
[BlackElo "2566"]
[Result "0-1"]
[Round "3"]
[TimeControl "180+2"]
[Date "2023.06.20"]
[WhiteClock "0:00:02"]
[BlackClock "0:01:13"]
[Board "56"]

1. d4 Nf6 2. c4 c5 3. d5 b5 4. cxb5 a6 5. bxa6 Bxa6 6. Nc3 g6 7. e4 Bxf1 8. Kxf1 d6 9. g3 Bg7 10. Nf3 O-O 11. Kg2 Nfd7 12. h4 h5 13. Bg5 Na6 14. Re1 Re8 15. Qe2 Qb6 16. Nb5 Nc7 17. Nxc7 Qxc7 18. a3 Qb6 19. Rab1 Kf8 20. Nd2 Qa6 21. Nc4 Reb8 22. Qc2 Nb6 23. Ne3 Qa4 24. Qe2 Qxe4+ 25. f3 Qa4 26. b3 Qd7 27. Nc4 Nxd5 28. Ra1 e6 29. Rab1 Nc3 30. Qd3 Nxb1 31. Rxb1 d5 32. a4 Kg8 33. Bf4 Rb7 34. Ne5 Qe8 35. Qe3 Rxa4 36. Qxc5 Rab4 37. Nc6 Rxb3 38. Ne7+ Kh7 39. Rxb3 Rxb3 40. Nc8 Qb5 41. Qe7 Qe2+ 42. Kh3 Qf1+ 43. Kh2 Rb2+ 0-1


[Site "https://www.chess.com"]

[Event "Titled Tuesday Blitz June 20 Early 2023"]
[White "brm72"]
[Black "Sattarov, Bobir"]
[BlackFideId "14203081"]
[WhiteElo "2541"]
[BlackElo "2351"]
[Result "1-0"]
[Round "3"]
[TimeControl "180+2"]
[Date "2023.06.20"]
[WhiteClock "0:00:04"]
[BlackClock "0:00:00"]
[Board "57"]

1. d4 Nf6 2. c4 e6 3. g3 d5 4. Nf3 dxc4 5. Bg2 c6 6. a4 Bb4+ 7. Bd2 a5 8. Qc2 Bxd2+ 9. Qxd2 Nd5 10. Na3 b5 11. axb5 cxb5 12. Nxb5 Nc6 13. O-O Ba6 14. Nc3 O-O 15. Rfc1 Qc7 16. Na4 Rfd8 17. e3 e5 18. Nxe5 Nxe5 19. dxe5 Qxe5 20. Rd1 Bb7 21. Nb6 Rab8 22. Nxd5 Bxd5 23. Bxd5 Kh8 24. Qd4 Qf5 25. e4 Qf3 26. Rxa5 Rxb2 27. Rc5 h5 28. Rf1 h4 29. Qe3 Qf6 30. gxh4 Qxh4 31. Qg3 Qe7 32. Rxc4 Rdb8 33. Rc6 g6 34. Qf4 Kg7 35. h4 R8b4 36. Rc7 Rxe4 37. Bxe4 Qe6 38. Rxf7+ Qxf7 39. Qxf7+ Kxf7 40. Bf3 Kf6 41. Kg2 Rb4 42. Kg3 Rb3 43. Re1 Rc3 44. Re3 Rc5 45. Re4 Ra5 46. Rd4 Kg7 47. Rc4 Kh6 48. Rc6 Kg7 49. Be4 Ra3+ 50. f3 g5 51. hxg5 Ra5 52. Kg4 Rb5 53. f4 Ra5 54. Bf5 Ra4 55. Rc7+ Kg8 56. g6 Ra1 57. Kg5 Ra6 58. Be4 Rb6 59. f5 Rb5 60. Kh6 Rb8 61. f6 Rd8 62. Bd5+ Kf8 63. g7+ 1-0


[Site "https://www.chess.com"]

[Event "Titled Tuesday Blitz June 20 Early 2023"]
[White "Aloma Vidal, Robert"]
[Black "Avinash Ramesh"]
[WhiteFideId "2260409"]
[BlackFideId "45018340"]
[WhiteElo "2435"]
[BlackElo "2300"]
[Result "0-1"]
[Round "3"]
[TimeControl "180+2"]
[Date "2023.06.20"]
[WhiteClock "0:00:22"]
[BlackClock "0:01:15"]
[Board "58"]

1. e4 e5 2. Nf3 Nc6 3. Bc4 a6 4. d4 exd4 5. Nxd4 Bc5 6. Nxc6 bxc6 7. O-O Ne7 8. Bxf7+ Kxf7 9. Qh5+ Ng6 10. Qxc5 Re8 11. Qc4+ Kf8 12. Nc3 a5 13. Qd4 d6 14. f4 Ba6 15. Re1 c5 16. Qf2 Kg8 17. Be3 Bb7 18. e5 Nh4 19. Red1 Nxg2 20. Bxc5 Nh4 21. Qg3 Re6 22. Qh3 Rg6+ 23. Kf2 Rg2+ 24. Ke3 g6 25. Nd5 Nf5+ 26. Kf3 Rxc2 27. Ba3 dxe5 28. Kg4 h5+ 0-1


[Site "https://www.chess.com"]

[Event "Titled Tuesday Blitz June 20 Early 2023"]
[White "Weetik, Vjacheslav"]
[Black "Yelisieiev, Yevhenii"]
[WhiteFideId "4153472"]
[BlackFideId "14139642"]
[WhiteElo "2469"]
[BlackElo "2403"]
[Result "1-0"]
[Round "3"]
[TimeControl "180+2"]
[Date "2023.06.20"]
[WhiteClock "0:00:20"]
[BlackClock "0:00:00"]
[Board "59"]

1. d4 d6 2. e4 Nf6 3. Nc3 e5 4. Nge2 c6 5. g3 b5 6. Bg2 Bb7 7. a3 Be7 8. O-O O-O 9. h3 a5 10. g4 b4 11. axb4 axb4 12. Rxa8 Bxa8 13. Na4 exd4 14. Nxd4 c5 15. Nf5 g6 16. Nxe7+ Qxe7 17. Bg5 Qe5 18. Bxf6 Qxf6 19. e5 dxe5 20. Bxa8 Qa6 21. Nxc5 Qxa8 22. Qd6 Qf3 23. Qxe5 Qxh3 24. Qf4 Rc8 25. Ne4 Qh4 26. Rd1 Nc6 27. Rd7 Rf8 28. Kg2 Ne5 29. Qxe5 Qxg4+ 30. Kf1 Qh3+ 31. Ke1 Ra8 32. Nf6+ Kf8 33. Qe7+ 1-0


[Site "https://www.chess.com"]

[Event "Titled Tuesday Blitz June 20 Early 2023"]
[White "Hayrapetyan, Hovik"]
[Black "whiteglovethief"]
[WhiteFideId "13302639"]
[WhiteElo "2348"]
[BlackElo "2537"]
[Result "1-0"]
[Round "3"]
[TimeControl "180+2"]
[Date "2023.06.20"]
[WhiteClock "0:00:45"]
[BlackClock "0:01:03"]
[Board "60"]

1. d4 Nf6 2. c4 g6 3. Nc3 Bg7 4. Nf3 d6 5. g3 O-O 6. Bg2 Nbd7 7. O-O e5 8. e4 c6 9. h3 h6 10. Be3 Re8 11. Qc2 Qc7 12. Rad1 a5 13. c5 dxc5 14. dxe5 Nxe5 15. Nxe5 Qxe5 16. f4 Qe7 17. e5 Nh7 18. Ne4 b6 19. Nd6 Rd8 20. Bxc6 Bxh3 21. Bxa8 Bxf1 22. Bd5 Rxd6 23. exd6 Qxe3+ 24. Kxf1 Bd4 25. Kg2 Nf6 26. Qxg6+ 1-0


[Site "https://www.chess.com"]

[Event "Titled Tuesday Blitz June 20 Early 2023"]
[White "Mahdavi, Reza"]
[Black "Sharapov, Evgeny"]
[WhiteFideId "12595926"]
[BlackFideId "14103133"]
[WhiteElo "2395"]
[BlackElo "2367"]
[Result "1/2-1/2"]
[Round "3"]
[TimeControl "180+2"]
[Date "2023.06.20"]
[WhiteClock "0:00:44"]
[BlackClock "0:00:58"]
[Board "61"]

1. e4 c5 2. Nf3 d6 3. d4 cxd4 4. Qxd4 e5 5. Bb5+ Nd7 6. Qd3 h6 7. Nc3 Nf6 8. Nd2 Be7 9. Nc4 Qc7 10. Be3 O-O 11. f3 a6 12. Bxd7 Bxd7 13. Nb6 Rae8 14. Nbd5 Nxd5 15. Nxd5 Qa5+ 16. b4 Qa4 17. Nxe7+ Rxe7 18. Qxd6 Re6 19. Qd2 Rc8 20. c3 Bb5 21. Kf2 Rec6 22. Rac1 Qa3 23. Bc5 b6 24. Be3 Rxc3 25. Rxc3 Qxc3 26. Rd1 Qxd2+ 27. Rxd2 Rc4 28. a3 Rc3 29. Bxb6 Rxa3 30. Bc7 f6 31. Bb6 Rb3 32. Bc5 Rd3 33. Rc2 Ba4 34. Ra2 Bb5 35. h4 h5 36. Be3 Rb3 37. Bd2 Kf7 38. Rc2 Ke6 39. Kg3 Bf1 40. Be1 Kd7 41. Rd2+ Bd3 42. Kf2 Kc6 43. Ra2 Bb5 44. Rc2+ Kd7 45. Rd2+ Rd3 46. Rb2 Ke6 47. Rc2 Kd7 48. Kg3 Rb3 49. Rc5 Rb2 50. Rd5+ Ke6 51. Rd8 Bf1 52. Rd2 Rxd2 53. Bxd2 Bb5 1/2-1/2


[Site "https://www.chess.com"]

[Event "Titled Tuesday Blitz June 20 Early 2023"]
[White "Shohat, Yotam"]
[Black "Seo, Jung Min"]
[WhiteFideId "2813955"]
[BlackFideId "1734687"]
[WhiteElo "2226"]
[BlackElo "2468"]
[Result "0-1"]
[Round "3"]
[TimeControl "180+2"]
[Date "2023.06.20"]
[WhiteClock "0:00:00"]
[BlackClock "0:00:10"]
[Board "62"]

1. e4 c5 2. Nf3 e6 3. d4 cxd4 4. Nxd4 Nc6 5. Nc3 a6 6. Be3 Qc7 7. Qf3 h5 8. O-O-O Nf6 9. Qg3 Qxg3 10. hxg3 Ng4 11. Be2 Nxe3 12. fxe3 g6 13. Nxc6 dxc6 14. g4 h4 15. g3 h3 16. Kd2 e5 17. Ke1 Be6 18. Kf2 Bc5 19. Rh2 Rd8 20. Rd3 Ke7 21. a3 a5 22. Kf3 b5 23. Bf1 Kf6 24. Rxh3 Kg5 25. Rxh8 Rxh8 26. Kg2 Bxg4 27. Be2 Bh3+ 28. Kf2 Be6 29. Kg2 a4 30. Nd1 Bh3+ 31. Kf2 Be6 32. Kg2 f5 33. Bf3 f4 34. exf4+ exf4 35. Nf2 Bxf2 36. Kxf2 Rh2+ 37. Bg2 Bg4 38. gxf4+ Kxf4 39. Rg3 g5 40. e5 Rh6 41. Re3 Re6 42. Re4+ Kf5 43. Kg3 Bd1 44. Re1 Bh5 45. Bh3+ g4 46. Bf1 Rxe5 47. Bd3+ Kf6 48. Rh1 Kg5 49. Rf1 Re3+ 50. Kg2 Bg6 51. Bxg6 Kxg6 52. Rf4 Kg5 53. Rd4 Re2+ 54. Kg3 Rxc2 55. Rxg4+ Kf5 56. Rb4 Ke5 57. Kf3 Kd5 58. Ke3 Kc5 59. Kd3 Rh2 60. Kc3 Rh3+ 61. Kc2 Rh5 62. Rg4 Rd5 63. Kb1 Rd4 64. Rg5+ Kc4 65. Rg8 c5 66. Rc8 Re4 67. Ka2 Re2 68. Rc7 Re5 69. Rc8 Kd4 70. Rb8 c4 71. Rh8 Re2 72. Rh4+ Kd3 73. Rh3+ Kd2 74. Rc3 Re3 75. Rxe3 Kxe3 76. Kb1 Kd2 77. Ka1 Kc2 78. Ka2 c3 79. bxc3 Kxc3 0-1


[Site "https://www.chess.com"]

[Event "Titled Tuesday Blitz June 20 Early 2023"]
[White "Gheorghiu, Calin"]
[Black "Darini, Pouria"]
[WhiteFideId "1200305"]
[BlackFideId "12502200"]
[WhiteElo "2204"]
[BlackElo "2482"]
[Result "0-1"]
[Round "3"]
[TimeControl "180+2"]
[Date "2023.06.20"]
[WhiteClock "0:00:08"]
[BlackClock "0:00:25"]
[Board "63"]

1. e4 c5 2. Nf3 Nc6 3. c3 d5 4. exd5 Qxd5 5. d4 Nf6 6. Be3 cxd4 7. cxd4 e6 8. Nc3 Qd6 9. Be2 Be7 10. O-O O-O 11. Rc1 b6 12. a3 Bb7 13. Bd3 Rfd8 14. Re1 Rac8 15. Bb1 Bf8 16. Qd2 Na5 17. Bf4 Qe7 18. Ne5 Nb3 19. Qe3 Nxc1 20. Rxc1 Nd5 21. Qh3 g6 22. Bh6 Bxh6 23. Qxh6 Qf6 24. Ne4 Qf4 25. Qxf4 Nxf4 26. Rd1 Bxe4 27. Bxe4 Rxd4 0-1


[Site "https://www.chess.com"]